 Dungeon Crawl Stone Soup version 0.28-a0-1190-g77e1c55843 (webtiles) character file.

Game seed: 17874890640622114806

29 Glokmah the Grasshopper (level 3, 0/42 HPs)
             Began as a Human Warper on Dec 18, 2021.
             Succumbed to an adder's poison
             ... on level 2 of the Dungeon.
             The game lasted 00:02:44 (1508 turns).

Glokmah the Grasshopper (Human Warper)              Turns: 1508, Time: 00:02:44

Health: 0/42       AC: 21    Str: 13    XL:     3   Next: 32%
Magic:  6/6        EV:  2    Int: 13    God:
Gold:   56         SH:  0    Dex: 12    Spells: 2/6 levels left

rFire   . . .      SeeInvis .   a - +0 spear
rCold   . . .      Faith    .   (no shield)
rNeg    . . .      Spirit   .   (armour currently unavailable)
rPois   +          Reflect  .   (helmet currently unavailable)
rElec   .          Harm     .   (cloak currently unavailable)
rCorr   .          Rampage  .   (gloves currently unavailable)
Will    .....      NoTele   +   (boots currently unavailable)
Stlth   +.........              (no amulet)
HPRegen 0.14/turn               (no ring)
MPRegen 0.10/turn               (no ring)

@: lethally poisoned (0 -> -3), tree-form
A: stationary, stasis, torment immunity, boosted hp
a: no special abilities


You were on level 2 of the Dungeon.
You were a tree.
You visited 1 branch of the dungeon, and saw 2 of its levels.

You collected 56 gold pieces.

Inventory:

Hand Weapons
 a - a +0 spear (weapon)
Missiles
 d - 5 boomerangs of dispersal (quivered)
 f - 5 datura-tipped darts
Armour
 b - a +0 leather armour
 e - a +0 pair of gloves (melded)
 h - a +0 ring mail (melded)
Scrolls
 c - a scroll of blinking
 g - 2 scrolls of enchant armour {unknown}
Potions
 i - a potion of lignification


   Skills:
 + Level 2.4 Fighting
 * Level 2.8 Polearms
 - Level 1.0 Throwing
 - Level 1.0 Armour
 - Level 2.0 Dodging
 - Level 2.0 Spellcasting
 + Level 0.3 Hexes
 + Level 3.3 Translocations


You had 2 spell levels left.
You knew the following spells:

 Your Spells              Type           Power      Damage    Failure   Level
a - Blink                 Tloc           18%        N/A       10%         2
b - Ensorcelled Hibernat  Hex/Ice        2%         N/A       36%         2

Your spell library contained the following spells:

 Spells                   Type           Power      Damage    Failure   Level
 Slow                     Hex            8%         N/A       22%         1
 Gell's Gravitas          Tloc           9%         N/A       21%         3
 Lesser Beckoning         Tloc           9%         N/A       21%         3
 Teleport Other           Tloc           9%         N/A       21%         3
 Confusing Touch          Hex            2%         N/A       56%         3
 Spider Form              Tmut/Pois      1%         N/A       58%         3
 Vampiric Draining        Necr           1%         2d6       58%         3
 Manifold Assault         Tloc           9%         N/A       88%         5


Dungeon Overview and Level Annotations

Branches:
Dungeon (2/15)

Altars:


Message History

The adder bites you.
You barely miss the adder.
You feel sick.
You are no longer poisoned.
The adder bites you but does no damage.
Okay, then.
You hit the adder.
The adder is lightly wounded.
The adder bites you but does no damage.
You hit the adder but do no damage.
The adder is lightly wounded.
The adder bites you.
You are poisoned.
The adder poisons you!
You miss the adder.
The adder is lightly wounded.
You feel sick. The adder bites you.
* * * LOW HITPOINT WARNING * * *
You are lethally poisoned!
The adder poisons you! The adder closely misses you.
You hit the adder.
The adder is moderately wounded.
* * * LOW HITPOINT WARNING * * *
You feel very sick. The adder bites you but does no damage.
It was a potion of lignification.
You turn into a tree.
Your +0 pair of gloves melds into your body.
Your +0 ring mail melds into your body.
Your roots penetrate the ground.
* * * LOW HITPOINT WARNING * * *
You feel sick. The adder bites you but does no damage.
You closely miss the adder.
The adder is moderately wounded.
* * * LOW HITPOINT WARNING * * *
You feel sick.
The adder bites you but does no damage. x2
You hit the adder but do no damage.
The adder is moderately wounded.
* * * LOW HITPOINT WARNING * * *
You feel sick. The adder bites you but does no damage.
You hit the adder but do no damage.
The adder is moderately wounded.
You die...

##### #.[.# #...# #...#
#...# # #...# ###
.####.#########...######..
......KSSā™£................
#####.#######.#...######..
.. #.##### #.. .... #.# #..
#.# .## #.# #.. # ..# #.#
#.. #.### #.# ### .... #.# #
#..### #.#


You could see 2 adders and a kobold.

Vanquished Creatures
  A dart slug (D:1)
  2 ball pythons (D:1)
  4 bats
  An endoplasm (D:1)
  2 giant cockroaches (D:1)
  3 hobgoblins
  3 kobolds
  3 quokkas
  2 frilled lizards (D:1)
  5 rats
26 creatures vanquished.

Vanquished Creatures (others)
  2 plants (D:1)
2 creatures vanquished.

Grand Total: 28 creatures vanquished

Notes
Turn   | Place    | Note
-------+----------+-------------------------------------------
     0 | D:1      | Glokmah the Human Warper began the quest for the Orb.
     0 | D:1      | Reached XP level 1. HP: 16/16 MP: 3/3
   230 | D:1      | Reached XP level 2. HP: 19/22 MP: 5/5
   481 | D:1      | Found a faded altar of an unknown god.
   619 | D:1      | Learned a level 2 spell: Blink
   622 | D:1      | Learned a level 2 spell: Ensorcelled Hibernation
   945 | D:1      | Reached XP level 3. HP: 28/28 MP: 6/6
  1506 | D:2      | HP: 2/42 [poisoned by an adder]
  1508 | D:2      | Succumbed to an adder's poison

Illustrated notes

Levels and vault maps discovered:
D:1:      roderic_dead_forest, layout_basic, dilly_ecumenical_altar_fadedgnrine
D:2:      layout_basic

Action                   || total
-------------------------++-------
Melee: Spear             ||   139
  Use: Potion            ||     1
 Stab: Sleeping          ||     1
Armor: Leather armour    ||    18
       Ring mail         ||    27
       Skin              ||     4
Dodge: Dodged            ||    53

Table legend: (Time is in decaauts)
 A = Elapsed time spent in this place.
 B = Non-inter-level travel time spent in this place.
 C = Inter-level travel time spent in this place.
 D = Time resting spent in this place.
 E = Time spent auto-exploring this place.
 F = Levels seen in this place.
 G = Mean time per level.
                   A        B        C        D        E       F      G
               +--------+--------+--------+--------+--------+-----+--------+
         Total |   1507 |   1384 |    123 |      0 |   1080 |   2 |  753.5 |
       Dungeon |   1507 |   1384 |    123 |      0 |   1080 |   2 |  753.5 |
               +--------+--------+--------+--------+--------+-----+--------+

Top non-repeatable levels by time:
     D:1: 1326 daAuts
     D:2: 180 daAuts
